Map: 얼어붙은 사원

Players

Lanaya

  • Race: Terran Terran
  • League: Grandmaster

llllllllllll (Scarlett) - Winner!

  • Race: Zerg Zerg
  • League: Grandmaster

VOD

Have the link to the VOD?

Description

Time

  • Played on: April 13, 2016, 8:28 a.m.
  • Length: 5:03
Show
View Real Time Build Order
Export as new Build Order

Lanaya Terran 

Build Orders:  

Get SALT Encoding   

  12  0:00  SCV  
  13  0:12  SCV  
  14  0:17  Supply Depot  
  14  0:24  SCV  
  15  0:39  SCV  
  15  0:41  Barracks  
  16  0:54  Barracks  
  16  1:05  Barracks  
  16  1:09  SCV  
  17  1:27  Marine, Orbital Command  
  18  1:37  Barracks  
  18  1:40  Marine  
  18  1:45  Marine  
  20  1:52  Marine  
  21  1:55  Supply Depot  
  21  1:59  Marine  
  22  2:05  Marine  
  23  2:16  Marine  
  23  2:17  Marine  
  25  2:23  Marine  
  25  2:28  Supply Depot  
  25  2:29  Bunker  
  26  2:31  Marine  
  25  2:48  Marine x2  
  24  2:51  Marine  
  24  2:52  Marine  
  24  2:54  Barracks  
  24  3:05  Marine  
  24  3:06  Marine, SCV  
  24  3:10  Marine x2  
  29  3:18  SCV  
  30  3:23  Marine x2  
  32  3:28  Marine x2  
  32  3:29  Supply Depot  
  34  3:41  Marine x2  
  34  3:45  Marine  
  34  3:46  SCV  
  34  3:47  Marine  
  39  3:50  Marine  
  37  3:59  Marine x2  
  38  4:03  Marine  
  38  4:09  Marine  
  39  4:15  Marine  
  35  4:17  Marine  
  35  4:18  Marine  
  35  4:19  SCV  
  35  4:21  Marine  
  39  4:25  Supply Depot  
  39  4:27  Marine  
  40  4:32  Marine, SCV  
  40  4:34  Marine  
  40  4:35  Marine  
  44  4:39  Marine  
  44  4:45  Marine  
  46  4:50  SCV  
  48  4:55  Supply Depot  
Show
View Real Time Build Order
Export as new Build Order

llllllllllll Zerg - Winner!

Build Orders: Pool First, Zergling Baneling 

Get SALT Encoding   

  12  0:00  Drone  
  13  0:08  Drone  
  14  0:18  Overlord  
  14  0:24  Drone, Extractor  
  15  0:37  Drone  
  15  0:38  Drone  
  17  0:49  Spawning Pool  
  16  0:50  Drone  
  16  0:55  Extractor  
  16  0:57  Drone  
  17  1:11  Drone  
  18  1:21  Drone  
  19  1:29  Drone  
  20  1:34  Hatchery  
  20  1:38  Queen  
  21  1:41  Zergling x2  
  22  1:49  Overlord  
  22  2:03  Metabolic Boost  
  22  2:10  Zergling x2  
  22  2:11  Zergling x2  
  22  2:13  Queen  
  25  2:20  Zergling x2  
  26  2:28  Baneling Nest  
  25  2:34  Spine Crawler  
  24  2:39  Zergling x2  
  24  2:51  Queen  
  22  2:53  Zergling x4  
  26  3:03  Spine Crawler, Zergling x4  
  27  3:09  Zergling x2  
  28  3:13  Zergling x2  
  28  3:18  Zergling x2  
  30  3:30  Zergling x2  
  32  3:37  Zergling x6  
  35  3:47  Zergling x2  
  34  3:52  Zergling x4  
  35  3:57  Overlord  
  33  4:14  Zergling x4  
  34  4:17  Baneling x2  
  34  4:18  Baneling x7  
  34  4:19  Zergling x4  
  34  4:23  Zergling x2  
  37  4:32  Zergling x4  
  39  4:40  Baneling x3  
  39  4:41  Zergling x2  
Tags
 
Add a new tag
Caveats
  • Supply blocks, unpowered buildings, or Contaminate may cause inaccurate times.
  • Supply counts are checked every 10 seconds.